 Dungeon Crawl Stone Soup version 0.29-a0-334-gb41bcbb86e (webtiles) character file.

Game seed: 16680347543535142200

49 zeratav the Insei (level 3, -1/24 HPs)
             Began as an Octopode Transmuter on Apr 14, 2022.
             Slain by a black bear (3 damage)
             ... on level 4 of the Dungeon.
             The game lasted 00:07:36 (3231 turns).

zeratav the Insei (Octopode Transmuter)             Turns: 3231, Time: 00:07:36

Health: -1/24      AC:  2    Str: 15    XL:     3   Next: 77%
Magic:  0/6        EV: 20    Int: 15    God:
Gold:   149        SH:  0    Dex: 23    Spells: 3/6 levels left

rFire   . . .      SeeInvis +     - Unarmed
rCold   . . .      Faith    .   (shield currently unavailable)
rNeg    . . .      Spirit   +   (helmet currently unavailable)
rPois   .          Reflect  .   g - amulet of guardian spirit
rElec   .          Harm     .   h - ring of Womuz {*Corrode rPois Str+6 Dex+4 SInv}
rCorr   .          Rampage  .   l - ring of wizardry
Will    .....                   (no ring)
Stlth   ++........              (no ring)
HPRegen 0.08/turn               (no ring)
MPRegen 0.10/turn               (no ring)
                                (no ring)
                                (no ring)

@: spider-form (expiring)
A: venomous fangs, almost no armour, (amphibious), 8 rings, tiny, (camouflage
1), (gelatinous body 1), (nimble swimmer 1), (tentacles)
a: End Transformation


You were on level 4 of the Dungeon.
You were a venomous arachnid creature.
You visited 1 branch of the dungeon, and saw 4 of its levels.

You collected 149 gold pieces.


Innate Abilities, Weirdness & Mutations

You are a venomous arachnid creature.
You have poisonous fangs.
You are tiny and dextrous.
Your spellcasting is less reliable in this form.
Your armour is entirely melded.
You are incapable of wielding weapons or throwing items.
You cannot wear most types of armour.
((You are amphibious.))
You can wear up to eight rings at the same time.
((Your skin changes colour to match your surroundings (Stealth+).))
((Your rubbery body absorbs attacks. (AC +1, EV +1)))
((You are camouflaged when in or above water. (Stealth+)))
((You have tentacles for arms and can constrict up to eight enemies at once.))


   Skills:
 + Level 1.7 Fighting
 + Level 2.4 Dodging
 + Level 1.9 Stealth
 * Level 3.7 Unarmed Combat
 - Level 2.0 Spellcasting
 - Level 2.0 Transmutations


You had 3 spell levels left.
You knew the following spells:

 Your Spells              Type           Power      Damage    Failure   Level
b - Spider Form           Tmut/Pois      4%         N/A       32%         3

Your spell library contained the following spells:

 Spells                   Type           Power      Damage    Failure   Level
 Beastly Appendage        Tmut           14%        N/A       10%         1
 Wereblood                Tmut           7%         N/A       13%         2
 Ozocubu's Armour         Ice            1%         N/A       41%         3
 Ice Form                 Ice/Tmut       4%         N/A       65%         4
 Animate Dead             Necr           0%         N/A       77%         4
 Olgreb's Toxic Radiance  Pois           1%         N/A       77%         4
 Simulacrum               Ice/Necr       0%         N/A       100%        6
 Haunt                    Necr/Summ      0%         N/A       100%        7
 Infestation              Necr           0%         N/A       100%        8

Inventory:

Jewellery
 g - an amulet of guardian spirit (around neck)
   (You took it off a hobgoblin on level 3 of the Dungeon)
 h - the ring of Womuz (left front leg) {*Corrode rPois Str+6 Dex+4 SInv}
   (You found it on level 2 of the Dungeon)

   [ring of strength]

   Str:       It affects your strength (+6).
   Dex:       It affects your dexterity (+4).
   rPois:     It protects you from poison.
   SInv:      It lets you see invisible.
   *Corrode:  It may corrode you when you take damage.
 l - a ring of wizardry (right front leg)
   (You found it on level 2 of the Dungeon)
Scrolls
 b - 2 scrolls of teleportation {@r4}
 e - a scroll of enchant armour
 i - a scroll of enchant weapon
 j - a scroll of fog {unknown}
 n - a scroll of silence {unknown}
 p - a scroll of magic mapping {unknown}
Potions
 a - a potion of lignification {!q}
 c - a potion of attraction {unknown}
 d - 2 potions of curing {unknown}
 f - a potion of might {unknown}
 k - a potion of heal wounds {unknown}
 m - a potion of brilliance {unknown}
 o - a potion of mutation {unknown}

Dungeon Overview and Level Annotations

Branches:
Dungeon (4/15)
 Temple: D:4-7

Altars:
Kikubaaqudgha
Xom

##### ######## ..#.#
####.####
..).###.......## .
.....#......<..########.
.......................
.................###.###
..###..........).#.....#
..#
##...........#.....#.#
###
##...#...#.shJ>.....# #
#########..#.....#.# #
#..#.....# # #..###.###
#... ... #... #### ####


You could see a black bear (extremely poisoned) and an endoplasm.


Message History

MP[+4]
Your mp is fully restored (6).
You start waiting.
Done waiting.
You start waiting.
Done waiting.
Found an escape hatch in the floor.
There is an escape hatch in the floor here.
There is a stone staircase leading up here.
There is a stone staircase leading up here.
You see here a +0 leather armour.
Done exploring.
Done exploring.
Done exploring.
(D) Dungeon
Where to? (Enter - D:3 @ (x,y), ? - help)
You see here a +0 leather armour.
There is a stone staircase leading down here.
You climb downwards.
Found a ring mail and a puce potion.
Found an ancient bone altar of Kikubaaqudgha.
There is a stone staircase leading up here.
Found a stone staircase leading up.
o - a puce potion A phantom comes into view.
A kobold comes into view. It is wielding a +0 dagger.
Casting: Spider Form (extremely dangerous; 17% risk of failure)
Confirm with . or Enter, or press ? or * to list all spells.
The spell is extremely dangerous to miscast (17% risk of failure)!
Continue anyway?
You turn into a venomous arachnid creature.
The kobold shouts!
MP[-3]
You lost 3 mp, and now have 3/6 mp.
Your transformation is almost over.
You barely miss the kobold. You hit the kobold but do no damage.
The kobold is poisoned.
The kobold misses you.
You barely miss the kobold. The kobold barely misses you.
You hit the kobold.
You kill the kobold!
MP[+1]
Your transformation has ended.
You now have 149 gold pieces (gained 10).
You start resting.
MP[+2]
Your mp is fully restored (6).
p - a scroll labelled LIPREE DOINEI
Found a stone staircase leading up.
A goblin comes into view. It is wielding a +0 club.
The goblin shouts!
You hear an angry growl.
Casting: Spider Form (extremely dangerous; 17% risk of failure)
Confirm with . or Enter, or press ? or * to list all spells.
The spell is extremely dangerous to miscast (17% risk of failure)!
Continue anyway?
You turn into a venomous arachnid creature.
MP[-3]
You lost 3 mp, and now have 3/6 mp.
The goblin barely misses you.
You bite the goblin!
You kill the goblin!
No target in view!
No target in view!
Your transformation is almost over.
Things that are here:
a +0 club {mace}; a goblin corpse An endoplasm comes into view.
Found a stone staircase leading down.
A black bear comes into view.
The endoplasm quivers.
The black bear growls angrily.
The black bear attacks as you move away!
The black bear bites you. The black bear closely misses you.
The black bear claws you but does no damage.
HP[-6]
You take 6 damage, and now have 18/24 hp.
MASSIVE DAMAGE!! (PAUSE)
You bite the black bear!
The black bear is poisoned.
The black bear bites you. The black bear barely misses you.
The black bear misses you.
You hit the black bear but do no damage.
The black bear barely misses you. The black bear claws you. x2
* * * LOW HITPOINT WARNING * * *
HP[-7] MP[-1]
You take 7 damage, and now have 11/24 hp.
MASSIVE DAMAGE!! (PAUSE)
You lost 1 mp, and now have 2/6 mp.
You hit the black bear but do no damage.
The black bear looks as sick as possible!
The black bear completely misses you. The black bear barely misses you.
The black bear claws you but does no damage.
You hit the black bear but do no damage.
The black bear looks as sick as possible!
The black bear bites you!
* * * LOW HITPOINT WARNING * * *
The black bear completely misses you. The black bear claws you.
* * * LOW HITPOINT WARNING * * *
HP[-9] MP[-1]
You take 9 damage, and now have 2/24 hp.
MASSIVE DAMAGE!! (PAUSE)
You lost 1 mp, and now have 1/6 mp.
You hit the black bear. The black bear misses you. The black bear claws you.
You die...

Skill      XL: |  1  2 |
---------------+-------+-----
Stealth        | 1 |  1.9
Fighting       | |  1.7
Dodging        | |  2.4
Unarmed Combat | |  3.7
Spellcasting   | |  2.0
Transmutations | |  2.0

Action                   || total
-------------------------++-------
Melee: Unarmed           ||    77
       Constrict         ||     9
       Kick              ||     5
       Tentacles         ||     4
       Punch             ||     1
 Cast: Beastly Appendage ||    19
       Spider Form       ||    10
  Use: Scroll            ||     7
 Stab: Sleeping          ||    12
Armor: Skin              ||     7
Dodge: Dodged            ||    55

Levels and vault maps discovered:
D:1:      lemuel_arrival_funnel, layout_rooms,
          dreamdust_ecumenical_altar_hidden_monk_grotto,
          hangedman_abyss_or_decor_lesser_grid
D:2:      layout_basic
D:3:      due_chaos_kobolds, layout_basic
D:4:      layout_rooms, tgw_kikubaaqudgha, serial_curves, eino_curves_01,
          eino_curves_02, eino_curves_04, eino_curves_04, st_stairs_3,
          nicolae_take_the_stairs

Notes
Turn   | Place    | Note
-------+----------+-------------------------------------------
     0 | D:1      | zeratav the Octopode Transmuter began the quest for the
                  | Orb.
     0 | D:1      | Reached XP level 1. HP: 13/13 MP: 3/3
     0 | D:1      | magus.rc [v1.9.6]
   289 | D:1      | Reached XP level 2. HP: 17/18 MP: 3/5
   437 | D:1      | Found a faded altar of an unknown god.
   495 | D:1      | You add the spells Ozocubu's Armour, Olgreb's Toxic
                  | Radiance and Simulacrum to your library.
   495 | D:1      | Got the Grimoire of Cold and Envenoming
   835 | D:2      | Reached skill level 1 in Stealth
   907 | D:2      | Identified the ring of Womuz {*Corrode rPois Str+6 Dex+4
                  | SInv}
  1018 | D:2      | You pick up a book of Death and begin reading...
  1018 | D:2      | You add the spells Animate Dead, Haunt and Infestation to
                  | your library.
  1550 | D:3      | Reached XP level 3. HP: 23/23 MP: 4/6
  1563 | D:3      | Learned a level 3 spell: Spider Form
  2122 | D:3      | Found a shimmering altar of Xom.
  2122 | D:3      | Found a large runed translucent door.
  2122 | D:3      | Found a large runed translucent door.
  3098 | D:4      | Found an ancient bone altar of Kikubaaqudgha.
  3107 | D:4      | Noticed a phantom
  3223 | D:4      | Noticed a black bear
  3230 | D:4      | HP: 4/24 [black bear (7)]
  3231 | D:4      | Slain by a black bear

Vanquished Creatures
  An adder (D:3)
  A worm (D:2)
  3 ball pythons
  2 endoplasms (D:3)
  A giant cockroach (D:3)
  3 goblins
  7 hobgoblins
  8 kobolds
  A quokka (D:2)
  4 bats
  3 frilled lizards
  A rat (D:1)
35 creatures vanquished.

Table legend:
 A = Non-vault XP
 B = Vault XP
 C = Vault XP percentage of total XP
 D = Non-vault monster count
 E = Vault monster count
 F = Vault count percentage of total count
                 A         B        C        D         E       F
            +---------+---------+-------+---------+---------+-------
      Total |      64 |       7 |   9.9 |      30 |       5 |  14.3
            +---------+---------+-------+---------+---------+-------
        D:1 |      13 |       0 |   0.0 |       8 |       0 |   0.0
        D:2 |      19 |       0 |   0.0 |      10 |       0 |   0.0
        D:3 |      31 |       5 |  13.9 |      11 |       4 |  26.7
        D:4 |       1 |       2 |  66.7 |       1 |       1 |  50.0
            +---------+---------+-------+---------+---------+-------

Illustrated notes

Table legend:
 A = Kills in this place as a percentage of kills in entire the game.
 B = Kills by you in this place as a percentage of kills by you in the entire game.
 C = Kills by friends in this place as a percentage of kills by friends in the entire game.
 D = Other kills in this place as a percentage of other kills in the entire game.
 E = Experience gained in this place as a percentage of experience gained in the entire game.
 F = Experience gained in this place divided by the number of levels of this place that you have seen.
                   A       B       C       D       E      F
               +-------+-------+-------+-------+-------+----------------------
         Total | 100.0 | 100.0 |   N/A |   N/A | 100.0 |  17.8
       Dungeon | 100.0 | 100.0 |   N/A |   N/A | 100.0 |  17.8
               +-------+-------+-------+-------+-------+----------------------

Table legend: (Time is in decaauts)
 A = Elapsed time spent in this place.
 B = Non-inter-level travel time spent in this place.
 C = Inter-level travel time spent in this place.
 D = Time resting spent in this place.
 E = Time spent auto-exploring this place.
 F = Levels seen in this place.
 G = Mean time per level.
                   A        B        C        D        E       F      G
               +--------+--------+--------+--------+--------+-----+--------+
         Total |   3225 |   2827 |    398 |    990 |    925 |   4 |  806.2 |
       Dungeon |   3225 |   2827 |    398 |    990 |    925 |   4 |  806.2 |
               +--------+--------+--------+--------+--------+-----+--------+

Top non-repeatable levels by time:
     D:3: 1553 daAuts
     D:2: 773 daAuts
     D:1: 765 daAuts
     D:4: 132 daAuts
